 Dungeon Crawl Stone Soup version 0.30-b1-2-g02819fbbbe (webtiles) character file.

Game seed: 3577383419550984211

156 Flugkiller the Vexing (level 5, -2/38 HPs)
             Began as a Barachi Enchanter on May 19, 2023.
             Slain by an orc
             ... wielding a +2 hand axe of freezing
              (6 damage)
             ... on level 4 of the Dungeon.
             The game lasted 00:05:09 (2090 turns).

Flugkiller the Vexing (Barachi Enchanter)           Turns: 2090, Time: 00:05:10

Health: -2/38      AC:  3    Str: 13    XL:     5   Next: 37%
Magic:  4/8        EV: 12    Int: 18    God:
Gold:   158        SH:  0    Dex: 12    Spells: 3/8 levels left

rFire   . . .        i - +1 broad axe (elec)
rCold   + . .        (no shield)
rNeg    . . .        d - +1 robe of Siul {rC+ Str+4}
rPois   .            (no helmet)
rElec   .            (no cloak)
rCorr   .            (no gloves)
SInv    .            (no boots)
Will    .....        (no amulet)
Stlth   ++           (no ring)
HPRegen 0.26/turn    (no ring)
MPRegen 0.11/turn

%: no passive effects
@: slow
A: amphibious, slowness 1, strong legs 1, +LOS
a: Hop


You were on level 4 of the Dungeon.
You visited 1 branch of the dungeon, and saw 4 of its levels.

You collected 158 gold pieces.

Inventory:

Hand Weapons
 a - a +1 dagger
 i - a +1 broad axe of electrocution (weapon)
   (You found it on level 3 of the Dungeon)
Armour
 b - a +0 robe
 d - the +1 robe of Siul (worn) {rC+ Str+4}
   (You found it on level 3 of the Dungeon)

   Str:       It affects your strength (+4).
   rC:        It protects you from cold.
 s - the +1 helmet of Terror {Harm rPois Will+ rCorr}
   (You found it on level 3 of the Dungeon)

   rPois:     It protects you from poison.
   rCorr:     It protects you from acid and corrosion.
   Harm:      It increases damage dealt and taken.
   Will:      It increases your willpower.
Jewellery
 g - an amulet of faith
   (You found it on level 3 of the Dungeon)
Scrolls
 f - a scroll of fog
 h - a scroll of poison {unknown}
 k - a scroll of brand weapon {unknown}
 m - a scroll of immolation
 q - a scroll of enchant weapon {unknown}
 t - 2 scrolls of teleportation
 y - a scroll of fear
 z - a scroll of blinking
Potions
 c - 2 potions of invisibility
 e - a potion of brilliance
 j - a potion of attraction {unknown}
 l - a potion of ambrosia {unknown}
 n - a potion of might {unknown}
 o - a potion of curing {unknown}
 p - 2 potions of lignification
 u - a potion of cancellation {unknown}
 v - a potion of flight {unknown}
 w - 3 potions of heal wounds
 x - a potion of degeneration {unknown}


   Skills:
 - Level 2.0 Fighting
 - Level 2.0 Short Blades
 - Level 2.1 Dodging
 - Level 4.0 Stealth
 - Level 2.1 Spellcasting
 + Level 4.3 Hexes
 - Level 2.0 Ice Magic


You had 3 spell levels left.
You knew the following spells:

 Your Spells              Type           Power      Damage    Failure   Level
a - Ensorcelled Hibernat  Hex/Ice        26%        N/A       8%          2
b - Confusing Touch       Hex            17%        N/A       9%          3

Your spell library contained the following spells:

 Spells                   Type           Power      Damage    Failure   Level
 Tukima's Dance           Hex            17%        N/A       9%          3
 Dazzling Flash           Conj/Hex       18%        N/A       22%         3


Dungeon Overview and Level Annotations

Branches:
Dungeon (4/15) Zot: 21589
 Temple: D:4-7

Altars:
Trog
Yredelemnul

Shops:
D:2 (


Innate Abilities, Weirdness & Mutations

You are amphibious.
You cover ground slowly.
You can hop short distances.
You have an extended range of vision and can be seen from far away.


Message History

You closely miss the goblin. The goblin closely misses you.
You hit the goblin.
The goblin is severely wounded.
The goblin hits you but does no damage.
You hit the goblin but do no damage.
The goblin is severely wounded.
An orc priest comes into view. It is wielding a +4 flail.
The goblin closely misses you.
The orc priest shouts!
You hit the goblin.
The goblin is severely wounded.
You hear a shout!
The goblin hits you with a +0 dagger.
You hit the goblin.
You kill the goblin!
An orc wizard comes into view. It is wielding a +0 dagger.
The orc priest calls down the wrath of Beogh upon you.
Pain shoots through your body!
The orc wizard moves out of view.
An orc comes into view. It is wielding a +0 dagger.
Things that are here:
a +0 dagger; a goblin corpse
There is an open door here.
An orc comes into view.
It is wielding a +2 hand axe of freezing.
An orc wizard comes into view. It is wielding a +0 dagger.
Casting: Ensorcelled Hibernation (safe; 8% risk of failure)
Confirm with . or Enter, or press ? or * to list all spells.
Aiming: Ensorcelled Hibernation (safe; 8% risk of failure)
Press: ? - help, Shift-Dir - straight line, f - orc priest
Aim: an orc priest, wielding a +4 flail (chance to affect: 51%)
You feel a surge of power!
The orc priest resists with significant effort.
You feel a little less clever now.
Casting: Ensorcelled Hibernation (safe; 8% risk of failure)
Confirm with . or Enter, or press ? or * to list all spells.
Aiming: Ensorcelled Hibernation (safe; 8% risk of failure)
Press: ? - help, Shift-Dir - straight line, f/p - orc priest
Aim: an orc priest, wielding a +4 flail (chance to affect: 46%)
The orc priest resists with some effort.
The orc priest hits you with a +4 flail.
Casting: Ensorcelled Hibernation (safe; 8% risk of failure)
Confirm with . or Enter, or press ? or * to list all spells.
Aiming: Ensorcelled Hibernation (safe; 8% risk of failure)
Press: ? - help, Shift-Dir - straight line, f/p - orc priest
Aim: an orc priest, wielding a +4 flail (chance to affect: 46%)
The orc priest looks drowsy...
The helpless orc priest fails to defend itself.
You puncture the orc priest!
You kill the orc priest!
Training target 4.0 for Stealth reached!
Your Stealth skill increases to level 4!
You need to enable at least one skill for training.
You have reached level 5!
You closely miss the orc. The orc completely misses you.
You hit the orc.
The orc is moderately wounded.
The orc hits you with a +0 dagger.
You closely miss the orc.
The orc is lightly wounded.
The orc hits you with a +0 dagger.
You hear the crackle of electricity.
i - a +1 broad axe of electrocution (weapon)
You closely miss the orc.
The orc is lightly wounded.
The orc wizard shouts!
The orc hits you with a +0 dagger.
You hit the orc wizard.
The orc wizard is lightly wounded.
The orc wizard casts a spell at you. The puff of flame hits you.
The orc wizard points at you and mumbles some strange words.
The magic dart hits you.
You hit the orc wizard.
The orc wizard is heavily wounded.
You hit the orc.
The orc wizard hits you but does no damage.
The orc hits you with a +0 dagger.
You slash the orc wizard!
You kill the orc wizard!
You barely miss the orc. The orc hits you with a +0 dagger.
The orc wizard hits you but does no damage.
The orc hits you but does no damage.
You barely miss the orc wizard. You barely miss the orc.
The orc wizard hits you with a +0 dagger.
You slash the orc wizard!
The orc wizard is severely wounded.
You hit the orc.
You kill the orc!
The orc wizard barely misses you. The orc wizard closely misses you.
The orc hits you with a +2 hand axe of freezing.
* * * LOW HITPOINT WARNING * * *
You hit the orc wizard but do no damage.
Lightning courses through the orc wizard!
You kill the orc wizard!
You barely miss the orc.
The orc hits you with a +2 hand axe of freezing.
* * * LOW HITPOINT WARNING * * *
The orc freezes you.
* * * LOW HITPOINT WARNING * * *
The orc hits you with a +2 hand axe of freezing.
You die...

........... #
........... #
.......... #
.......... #
.......... #
.o.......#####
....o....#...#
.........#@).#
..$.....)#)o.#
........)'...#
..o....o.#...#
....o....#...#
.........#...#
.........#...#
.........#...#
....######...#


You could see an orc.

Vanquished Creatures
  An orc priest (D:4)
  2 orc wizards (D:4)
  An adder (D:2)
  A worm (D:3)
  A dart slug (D:3)
  6 orcs
  5 ball pythons
  4 bats
  9 endoplasms
  8 giant cockroaches
  7 goblins
  10 hobgoblins
  2 jackals (D:3)
  7 frilled lizards
  7 kobolds
  5 rats (D:1)
76 creatures vanquished.

Notes
Turn   | Place    | Note
-------+----------+-------------------------------------------
     0 | D:1      | Flugkiller the Barachi Enchanter began the quest for the
                  | Orb.
     0 | D:1      | Reached XP level 1. HP: 13/13 MP: 3/3
   119 | D:1      | Reached XP level 2. HP: 19/19 MP: 5/5
   364 | D:1      | Reached XP level 3. HP: 16/24 MP: 6/6
   408 | D:1      | Learned a level 2 spell: Ensorcelled Hibernation
   412 | D:1      | Learned a level 3 spell: Confusing Touch
   604 | D:2      | Found Xilul's Antique Weapon Shoppe.
   637 | D:2      | Found a bloodstained altar of Trog.
   839 | D:2      | Reached skill level 1 in Fighting
   891 | D:2      | Reached skill level 1 in Ice Magic
  1367 | D:3      | Reached XP level 4. HP: 23/32 MP: 5/7
  1585 | D:3      | Found a faded altar of an unknown god.
  1604 | D:3      | Identified the +1 helmet of Terror {Harm rPois Will+ rCorr}
  1682 | D:3      | Identified the +1 robe of Siul {rC+ Str+4}
  1769 | D:3      | Found a basalt altar of Yredelemnul.
  2080 | D:4      | Reached XP level 5. HP: 31/38 MP: 2/8
  2090 | D:4      | Slain by an orc

Illustrated notes

Levels and vault maps discovered:
D:1:      saegor_arrival_miasma, layout_basic, st_stairs_3
D:2:      minmay_evil_eye, layout_basic, basic_altar, serial_shops, shop
D:3:      layout_basic, lemuel_round_altar, ebering_ecumenical_altar_hall
D:4:      layout_gridville, temple_statues, serial_bayou_pond_e,
          hangedman_feature_mirror

Skill      XL: |  1  2  3  4 |
---------------+-------------+-----
Stealth        | 3 4 |  4.0
Short Blades   | 2 |  2.0
Hexes          | 4 |  4.3
Fighting       | 1 2 |  2.0
Ice Magic      | 1 2 |  2.0
Dodging        | |  2.1
Spellcasting   | |  2.1

Action                     |  1- 3 |  4- 6 || total
---------------------------+-------+-------++-------
  Melee: Dagger            |   113 |    95 ||   208
         Punch             |     1 |       ||     1
         Broad axe         |       |     7 ||     7
   Cast: Ensorcelled Hiber |    11 |    25 ||    36
    Use: Scroll            |       |     7 ||     7
         Potion            |       |     1 ||     1
   Stab: Sleeping          |    20 |    18 ||    38
 Armour: Robe              |    22 |    21 ||    43
  Dodge: Dodged            |    56 |    48 ||   104
